 Dungeon Crawl Stone Soup version 0.29.1-12-g30fa7ad0bf (webtiles) character file.

Game seed: 17217546568054552342

567 EarthwalkerPL the Covered (level 7, 0/61 HPs)
             Began as a Minotaur Fighter on Dec 23, 2022.
             Slain by an orc wizard
             ... wielding a +1 dagger of pain
              (1 damage)
             ... on level 4 of the Dungeon.
             The game lasted 00:03:38 (2717 turns).

EarthwalkerPL the Covered (Minotaur Fighter)        Turns: 2717, Time: 00:03:40

Health: 0/61       AC:  7    Str: 22    XL:     7   Next: 11%
Magic:  6/6        EV: 10    Int:  5    God:
Gold:   164        SH:  5    Dex: 10    Spells: 6/6 levels left

rFire   . . .      SeeInvis .   a - +0 war axe
rCold   . . .      Faith    .   c - +0 buckler
rNeg    . . .      Spirit   .   b - +0 scale mail
rPois   .          Reflect  .   (helmet restricted)
rElec   .          Harm     .   (no cloak)
rCorr   .          Rampage  .   (no gloves)
Will    .....                   (no boots)
Stlth   ..........              i - amulet of the acrobat
HPRegen 0.20/turn               (no ring)
MPRegen 0.10/turn               (no ring)

@: no status effects
A: horns 2, retaliatory headbutt
a: no special abilities


You were on level 4 of the Dungeon.
You visited 1 branch of the dungeon, and saw 4 of its levels.

You collected 164 gold pieces.

Inventory:

Hand Weapons
 a - a +0 war axe (weapon)
Missiles
 r - 4 poisoned darts (quivered)
 u - 3 silver boomerangs
Armour
 b - a +0 scale mail (worn)
 c - a +0 buckler (worn)
Jewellery
 i - an amulet of the acrobat (around neck)
 p - an amulet of the acrobat
Scrolls
 f - 3 scrolls of identify {unknown}
 g - a scroll of vulnerability {unknown}
 h - a scroll of amnesia {unknown}
 j - a scroll of butterflies {unknown}
 l - a scroll of poison {unknown}
 q - a scroll of enchant armour {unknown}
 s - a scroll of enchant weapon {unknown}
Potions
 d - a potion of might
 e - a potion of flight {unknown}
 k - 2 potions of heal wounds {unknown}
 m - a potion of curing {unknown}
 n - a potion of ambrosia {unknown}
 o - a potion of brilliance {unknown}
 t - a potion of haste {unknown}


   Skills:
 * Level 5.4 Fighting
 * Level 4.6 Axes
 * Level 5.5 Armour
 * Level 3.4 Dodging
 * Level 5.3 Shields


You had 6 spell levels left.
You didn't know any spells.
Your spell library contained the following spells:

 Spells                   Type           Power      Damage    Failure   Level
 Magic Dart               Conj           0%         1d3       86%         1
 Call Imp                 Summ           0%         N/A       95%         2
 Ensorcelled Hibernation  Hex/Ice        0%         N/A       95%         2
 Mephitic Cloud           Conj/Pois/Air  0%         N/A       99%         3
 Spider Form              Tmut/Pois      0%         N/A       99%         3
 Anguish                  Hex/Necr       0%         N/A       100%        4


Dungeon Overview and Level Annotations

Branches:
Dungeon (4/15)
 Temple: D:4-7

Altars:
Trog

Shops:
D:1 *=[


Innate Abilities, Weirdness & Mutations

You have a pair of horns on your head.
You reflexively headbutt those who attack you in melee.


Message History

The orc hits you with a +0 hand axe.
You hit the orc wizard. Your headbutt misses the orc wizard.
The orc wizard is lightly wounded.
You hit the orc. You barely miss the orc priest.
The orc wizard gestures wildly while chanting.
The orc wizard flickers and vanishes!
Deactivating autopickup; reactivate with Ctrl-A.
The orc closely misses you. You furiously retaliate!
You headbutt the orc.
You kill the orc!
The orc priest hits you but does no damage.
You hit the orc priest.
The orc priest is lightly wounded.
You closely miss something.
The orc priest hits you with a +0 hand axe.
Something hits you.
The orc priest hits you with a +0 hand axe.
Something hits you.
You writhe in agony.
You hit the ogre. You headbutt the ogre.
The ogre is moderately wounded.
You closely miss something.
You hit the orc priest but do no damage.
The orc priest mumbles some strange prayers to Beogh against you.
Pain shoots through your body! The ogre completely misses you.
Something hits you but does no damage.
You hit the ogre. Your headbutt misses the ogre.
The ogre is moderately wounded.
You miss something.
You hit the orc priest but do no damage.
The orc priest hits you but does no damage.
Something hits you but does no damage.
The ogre hits you with a +0 giant club!!
* * * LOW HITPOINT WARNING * * *
You hit the ogre.
You headbutt the ogre, but do no damage.
The ogre is moderately wounded.
You closely miss the orc priest. You miss something.
The orc priest hits you with a +0 hand axe.
* * * LOW HITPOINT WARNING * * *
Something hits you.
You die...

###......#.###..#.#.....
###....#...# #..#.# ...
.##.............#)# .
..##+###........#)# ..##
.....#####.# ...# ##...#
#.# ...# '#'#####.#
##### .......o.# #..⌠#
......{@.# ....#
......O).# ....#
.........# #...##
.........# #....#
.......... ##...#
........... .#...#
..)......#. .#...#
.........#.. .#...#


You could see an ogre and an orc priest.

Vanquished Creatures
  Grinder (D:3)
  A scorpion (D:4)
  A jelly (D:4)
  A hound (D:4)
  An orc priest (D:4)
  An iguana (D:4)
  Natasha (thrice) (D:4)
  4 adders
  3 dart slugs
  13 orcs
  5 ball pythons
  6 bats
  4 endoplasms
  2 giant cockroaches
  5 goblins
  6 hobgoblins
  3 jackals (D:1)
  6 kobolds
  4 quokkas
  A frilled lizard (D:3)
  A rat (D:1)
72 creatures vanquished.

Notes
Turn   | Place    | Note
-------+----------+-------------------------------------------
     0 | D:1      | EarthwalkerPL the Minotaur Fighter began the quest for the
                  | Orb.
     0 | D:1      | Reached XP level 1. HP: 19/19 MP: 0/0
     8 | D:1      | Found Dun Duts's Jewellery Emporium.
   167 | D:1      | Reached XP level 2. HP: 26/27 MP: 1/1
   280 | D:1      | Found a faded altar of an unknown god.
   314 | D:1      | Reached skill level 1 in Dodging
   348 | D:1      | Found Inaesecw's Armour Shoppe.
   487 | D:1      | Found Suskuohe's General Store.
   588 | D:1      | Reached XP level 3. HP: 27/33 MP: 2/2
  1563 | D:3      | Reached XP level 4. HP: 40/40 MP: 3/3
  1919 | D:3      | Noticed Grinder
  1930 | D:3      | Killed Grinder
  1931 | D:3      | Reached XP level 5. HP: 47/47 MP: 4/4
  1931 | D:3      | Reached XP level 6. HP: 55/55 MP: 5/5
  1958 | D:3      | Found a bloodstained altar of Trog.
  2217 | D:4      | Noticed Natasha
  2237 | D:4      | Killed Natasha
  2238 | D:4      | Reached skill level 5 in Armour
  2296 | D:4      | Reached skill level 5 in Fighting
  2341 | D:4      | Reached skill level 5 in Shields
  2601 | D:4      | Noticed Natasha
  2608 | D:4      | Killed Natasha
  2609 | D:4      | Reached XP level 7. HP: 41/61 MP: 6/6
  2691 | D:4      | Noticed Natasha
  2697 | D:4      | Killed Natasha
  2717 | D:4      | HP: 1/61 [orc priest/+0 hand axe (5)]
  2717 | D:4      | Slain by an orc wizard

Illustrated notes

Levels and vault maps discovered:
D:1:      dpeg_arrival_simpleton_c, layout_basic,
          chequers_ecumenical_altar_simple, serial_shops, shop,
          nicolae_shop_hallway_plus, shop, st_stairs_8, minivault_14
D:2:      layout_basic
D:3:      layout_basic, mainiacjoe_overflow_catwalk, roderic_lattice_a,
          uniq_grinder
D:4:      kennysheep_spiral_hall, layout_basic, uniq_natasha

Skill      XL: |  1  2  3  4  5  6 |
---------------+-------------------+-----
Dodging        | 1 2 3 |  3.4
Armour         | 4 5 |  5.5
Fighting       | 4 5 |  5.4
Shields        | 4 5 |  5.3
Axes           | 3 4 |  4.6

Action                   |  1- 3 |  4- 6 |  7- 9 || total
-------------------------+-------+-------+-------++-------
Melee: War axe           |    70 |    78 |    12 ||   160
       Headbutt          |    18 |    13 |     2 ||    33
Throw: Dart              |       |    11 |       ||    11
Armor: Scale mail        |    45 |    29 |     6 ||    80
Dodge: Dodged            |    36 |    37 |     8 ||    81
Block: Buckler           |     5 |    21 |     1 ||    27
